[ AOE2 MATCH · #506606434 ]
UnrankedVietnamese vs Bengalis
Player's team · WIN
Rival team · LOSS
[ REPLAY ANALYSIS · EXTRACTED FROM THE RECORDED GAME ]
Feudal
11:29
Castle
20:53
Imperial
—
| APM avg | 84.7 |
| APM peak | 128 |
| eAPM avg | 38.0 |
| Villagers / military | 99 / 63 |
Focus
⚔️ 53.6% · 🌾 46.4%
Fire Lancer ×23 · Cavalry Archer ×18 · Archer ×8 · Militia ×7 · Mangonel ×7
Feudal
14:12
Castle
20:56
Imperial
—
| APM avg | 45.4 |
| APM peak | 88 |
| eAPM avg | 25.9 |
| Villagers / military | 95 / 18 |
Focus
⚔️ 26.5% · 🌾 73.5%
Mangonel ×11 · Militia ×4 · Monk ×3
Match map
Initial resources + every placement click. Lines = walls · curves = elevation contours. ◆ gold · ⬟ stone · ● berries · ✦ relic · ◌ wall gap
Your base· Open — opponent sealed themselves in
flightlessbird's base· ✓ Closed at 20:56 · 51t walls · no gate
Smoothed initial terrain · ◌ = detected wall gap · hover for details
Inputs per minute
— 我本善良 - - flightlessbird
Build order — 我本善良
First 150 of 283 actions detected
| 0:00 | Queue | Villager (Male) |
| 0:00 | Queue | Villager (Male) |
| 0:01 | Build | House |
| 0:02 | Build | House |
| 0:07 | Queue | Villager (Male) |
| 0:07 | Queue | Villager (Male) |
| 1:25 | Queue | Villager (Male) |
| 1:26 | Queue | Villager (Male) |
| 1:27 | Build | Lumber Camp |
| 2:00 | Queue | Villager (Male) |
| 2:00 | Queue | Villager (Male) |
| 2:30 | Queue | Villager (Male) |
| 2:30 | Queue | Villager (Male) |
| 2:53 | Queue | Villager (Male) |
| 3:12 | Queue | Villager (Male) |
| 3:12 | Queue | Villager (Male) |
| 3:39 | Build | House |
| 3:44 | Queue | Villager (Male) |
| 3:44 | Queue | Villager (Male) |
| 4:31 | Build | Barracks |
| 4:33 | Build | Barracks |
| 4:34 | Queue | Villager (Male) |
| 4:34 | Queue | Villager (Male) |
| 5:24 | Queue | Villager (Male) |
| 5:38 | Build | Palisade Wall |
| 5:47 | Queue | Villager (Male) |
| 5:48 | Build | Palisade Wall |
| 5:51 | Queue | Militia |
| 5:52 | Queue | Militia |
| 6:09 | Build | House |
| 6:14 | Build | House |
| 6:17 | Queue | Militia |
| 6:26 | Queue | Villager (Male) |
| 6:26 | Queue | Villager (Male) |
| 6:30 | Research | Loom |
| 6:30 | Research | Loom |
| 6:53 | Queue | Villager (Male) |
| 6:57 | Build | Palisade Wall |
| 6:58 | Build | Palisade Wall |
| 7:00 | Build | Palisade Wall |
| 7:10 | Build | Mining Camp |
| 7:16 | Queue | Villager (Male) |
| 7:16 | Queue | Villager (Male) |
| 7:18 | Build | Palisade Wall |
| 7:42 | Build | Palisade Wall |
| 7:53 | Queue | Villager (Male) |
| 8:12 | Queue | Villager (Male) |
| 9:19 | Research | Feudal Age |
| 9:19 | Research | Feudal Age |
| 9:24 | Build | Mill |
| 9:27 | Build | Palisade Wall |
| 9:33 | Build | Palisade Wall |
| 9:44 | Build | Palisade Wall |
| 9:46 | Build | Palisade Wall |
| 9:52 | Build | Palisade Wall |
| 9:56 | Queue | Villager (Male) |
| 10:04 | Queue | Militia |
| 10:04 | Queue | Militia |
| 10:08 | Build | House |
| 10:09 | Build | House |
| 10:52 | Build | Farm |
| 10:55 | Build | Farm |
| 10:57 | Queue | Villager (Male) |
| 11:16 | Build | House |
| 11:29 | Age | Feudal Age |
| 11:30 | Build | Archery Range |
| 11:32 | Research | Man-at-Arms (upgrade) |
| 11:59 | Queue | Villager (Male) |
| 12:02 | Build | House |
| 12:22 | Queue | Villager (Male) |
| 12:36 | Queue | Archer |
| 12:36 | Queue | Archer |
| 12:44 | Build | Farm |
| 12:45 | Build | Farm |
| 12:47 | Queue | Archer |
| 12:54 | Queue | Villager (Male) |
| 12:54 | Queue | Villager (Male) |
| 12:56 | Build | Farm |
| 12:59 | Build | Farm |
| 13:00 | Build | Farm |
| 13:05 | Build | House |
| 13:05 | Build | Palisade Wall |
| 13:11 | Queue | Militia |
| 13:15 | Queue | Villager (Male) |
| 13:15 | Queue | Villager (Male) |
| 13:22 | Build | Palisade Wall |
| 13:23 | Build | Palisade Wall |
| 13:38 | Build | Farm |
| 13:44 | Build | Farm |
| 13:51 | Queue | Villager (Male) |
| 13:54 | Build | House |
| 13:56 | Build | Palisade Wall |
| 13:57 | Build | Palisade Wall |
| 14:19 | Queue | Archer |
| 14:20 | Queue | Villager (Male) |
| 14:22 | Build | Farm |
| 14:35 | Queue | Villager (Male) |
| 14:50 | Queue | Villager (Male) |
| 14:58 | Queue | Villager (Male) |
| 14:59 | Queue | Archer |
| 15:00 | Build | Farm |
| 15:20 | Queue | Villager (Male) |
| 15:33 | Build | Farm |
| 15:34 | Build | Farm |
| 15:35 | Research | Double-Bit Axe |
| 15:35 | Research | Double-Bit Axe |
| 15:39 | Queue | Archer |
| 15:48 | Build | House |
| 16:17 | Queue | Villager (Male) |
| 16:18 | Queue | Militia |
| 16:20 | Queue | Archer |
| 16:40 | Queue | Villager (Male) |
| 16:41 | Build | House |
| 16:50 | Build | Blacksmith |
| 17:13 | Queue | Villager (Male) |
| 17:24 | Build | Watch Tower |
| 17:29 | Build | Farm |
| 17:35 | Queue | Villager (Male) |
| 17:55 | Build | House |
| 17:56 | Build | House |
| 17:57 | Build | Palisade Wall |
| 18:13 | Research | Castle Age |
| 18:30 | Research | Fletching |
| 18:30 | Research | Fletching |
| 18:43 | Build | Lumber Camp |
| 19:21 | Queue | Archer |
| 19:23 | Build | House |
| 19:25 | Build | House |
| 19:51 | Build | Archery Range |
| 20:04 | Research | Horse Collar |
| 20:19 | Build | Mining Camp |
| 20:23 | Build | House |
| 20:24 | Build | House |
| 20:31 | Queue | Villager (Male) |
| 20:39 | Research | Gold Mining |
| 20:52 | Build | Stable |
| 20:53 | Age | Castle Age |
| 20:55 | Build | Palisade Wall |
| 20:59 | Research | Bodkin Arrow |
| 21:00 | Queue | Cavalry Archer |
| 21:01 | Queue | Cavalry Archer |
| 21:17 | Queue | Villager (Male) |
| 21:25 | Queue | Villager (Male) |
| 21:32 | Build | Siege Workshop |
| 21:37 | Queue | Cavalry Archer |
| 21:38 | Queue | Cavalry Archer |
| 21:48 | Build | Palisade Wall |
| 22:03 | Queue | Villager (Male) |
| 22:03 | Queue | Villager (Male) |
| 22:13 | Queue | Cavalry Archer |
Build order — flightlessbird
First 150 of 208 actions detected
| 0:01 | Queue | Villager (Male) |
| 0:01 | Queue | Villager (Male) |
| 0:02 | Build | House |
| 0:03 | Build | House |
| 0:03 | Queue | Villager (Male) |
| 0:04 | Queue | Villager (Male) |
| 1:27 | Queue | Villager (Male) |
| 1:58 | Queue | Villager (Male) |
| 2:12 | Queue | Villager (Male) |
| 2:12 | Queue | Villager (Male) |
| 2:46 | Build | Barracks |
| 2:48 | Queue | Villager (Male) |
| 2:49 | Queue | Villager (Male) |
| 3:16 | Queue | Villager (Male) |
| 3:16 | Queue | Villager (Male) |
| 3:25 | Build | House |
| 3:41 | Queue | Militia |
| 3:42 | Queue | Villager (Male) |
| 4:02 | Queue | Militia |
| 4:10 | Queue | Villager (Male) |
| 4:20 | Build | House |
| 4:29 | Queue | Villager (Male) |
| 4:36 | Queue | Militia |
| 4:55 | Queue | Villager (Male) |
| 5:04 | Queue | Militia |
| 5:25 | Queue | Villager (Male) |
| 5:53 | Queue | Villager (Male) |
| 5:56 | Build | Mill |
| 6:08 | Queue | Villager (Male) |
| 6:28 | Build | House |
| 6:38 | Queue | Villager (Male) |
| 6:54 | Queue | Villager (Male) |
| 7:11 | Queue | Villager (Male) |
| 7:42 | Build | Lumber Camp |
| 7:44 | Queue | Villager (Male) |
| 7:52 | Research | Loom |
| 8:16 | Build | Palisade Wall |
| 8:19 | Build | Palisade Wall |
| 8:20 | Build | Palisade Wall |
| 8:26 | Queue | Villager (Male) |
| 8:48 | Queue | Villager (Male) |
| 9:04 | Build | Farm |
| 9:12 | Queue | Villager (Male) |
| 9:23 | Build | Farm |
| 9:25 | Build | House |
| 9:36 | Queue | Villager (Male) |
| 9:45 | Build | Farm |
| 9:55 | Queue | Villager (Male) |
| 10:08 | Build | Farm |
| 10:21 | Build | Palisade Wall |
| 10:22 | Build | Palisade Wall |
| 10:30 | Queue | Villager (Male) |
| 10:32 | Build | Farm |
| 10:50 | Queue | Villager (Male) |
| 10:58 | Build | Farm |
| 11:08 | Build | Farm |
| 11:14 | Queue | Villager (Male) |
| 11:26 | Build | Palisade Wall |
| 11:27 | Build | Palisade Wall |
| 11:40 | Build | Palisade Wall |
| 11:42 | Build | Palisade Wall |
| 12:02 | Research | Feudal Age |
| 13:03 | Build | House |
| 13:07 | Build | Mining Camp |
| 13:24 | Build | Mining Camp |
| 13:30 | Build | Palisade Wall |
| 13:39 | Queue | Villager (Male) |
| 13:39 | Queue | Villager (Male) |
| 14:07 | Build | Palisade Wall |
| 14:12 | Age | Feudal Age |
| 14:17 | Build | Watch Tower |
| 14:33 | Build | Palisade Wall |
| 14:42 | Queue | Villager (Male) |
| 15:25 | Queue | Villager (Male) |
| 15:38 | Build | Watch Tower |
| 15:42 | Queue | Villager (Male) |
| 15:55 | Queue | Villager (Male) |
| 15:59 | Build | Market |
| 16:22 | Queue | Villager (Male) |
| 16:40 | Build | House |
| 16:50 | Queue | Villager (Male) |
| 16:56 | Build | Blacksmith |
| 17:04 | Build | Farm |
| 17:35 | Build | Farm |
| 17:37 | Queue | Villager (Male) |
| 17:46 | Build | Palisade Wall |
| 17:52 | Build | Palisade Wall |
| 18:16 | Research | Castle Age |
| 18:16 | Research | Castle Age |
| 18:19 | Build | Watch Tower |
| 18:30 | Build | Stone Wall |
| 18:58 | Research | Fletching |
| 18:58 | Research | Fletching |
| 19:00 | Build | Farm |
| 19:02 | Research | Horse Collar |
| 19:02 | Research | Horse Collar |
| 19:41 | Research | Double-Bit Axe |
| 19:41 | Research | Double-Bit Axe |
| 19:42 | Queue | Villager (Male) |
| 20:03 | Build | House |
| 20:19 | Build | Lumber Camp |
| 20:56 | Age | Castle Age |
| 20:58 | Build | Siege Workshop |
| 21:16 | Queue | Villager (Male) |
| 21:30 | Queue | Villager (Male) |
| 21:34 | Queue | Mangonel |
| 21:51 | Queue | Villager (Male) |
| 22:08 | Build | Town Center |
| 22:16 | Queue | Villager (Male) |
| 22:18 | Research | Bow Saw |
| 22:18 | Research | Bow Saw |
| 22:38 | Research | Town Watch |
| 22:50 | Build | Palisade Wall |
| 23:32 | Queue | Mangonel |
| 23:32 | Queue | Mangonel |
| 23:43 | Queue | Villager (Male) |
| 23:58 | Queue | Villager (Male) |
| 24:16 | Queue | Villager (Male) |
| 24:16 | Queue | Villager (Male) |
| 24:27 | Queue | Mangonel |
| 24:30 | Queue | Villager (Male) |
| 24:30 | Queue | Villager (Male) |
| 24:35 | Build | Farm |
| 24:37 | Build | Farm |
| 24:38 | Build | Farm |
| 24:55 | Queue | Villager (Male) |
| 25:02 | Queue | Mangonel |
| 25:03 | Queue | Mangonel |
| 25:06 | Queue | Villager (Male) |
| 25:06 | Queue | Villager (Male) |
| 25:17 | Build | Farm |
| 25:20 | Build | Farm |
| 25:26 | Queue | Villager (Male) |
| 25:26 | Queue | Villager (Male) |
| 25:47 | Queue | Villager (Male) |
| 25:47 | Queue | Villager (Male) |
| 25:56 | Queue | Villager (Male) |
| 26:00 | Build | Outpost |
| 26:10 | Build | Farm |
| 26:13 | Queue | Villager (Male) |
| 26:13 | Queue | Villager (Male) |
| 26:15 | Queue | Mangonel |
| 26:25 | Queue | Villager (Male) |
| 26:26 | Queue | Villager (Male) |
| 26:36 | Build | House |
| 26:55 | Queue | Villager (Male) |
| 27:03 | Queue | Villager (Male) |
| 27:11 | Queue | Mangonel |
| 27:14 | Queue | Villager (Male) |
| 27:14 | Queue | Villager (Male) |
Match timeline
| 2:46 | flightlessbird · first_building Barracks |
| 4:31 | 我本善良 · first_building Barracks |
| 5:38 | 我本善良 · wall_segment Palisade Wall x1 |
| 5:48 | 我本善良 · wall_segment Palisade Wall x1 |
| 6:57 | 我本善良 · wall_segment Palisade Wall x1 |
| 6:58 | 我本善良 · wall_segment Palisade Wall x1 |
| 7:00 | 我本善良 · wall_segment Palisade Wall x1 |
| 7:18 | 我本善良 · wall_segment Palisade Wall x4 |
| 7:42 | 我本善良 · wall_segment Palisade Wall x1 |
| 8:16 | flightlessbird · wall_segment Palisade Wall x1 |
| 8:19 | flightlessbird · wall_segment Palisade Wall x1 |
| 8:20 | flightlessbird · wall_segment Palisade Wall x1 |
| 9:27 | 我本善良 · wall_segment Palisade Wall x10 |
| 9:33 | 我本善良 · wall_segment Palisade Wall x1 |
| 9:44 | 我本善良 · wall_segment Palisade Wall x1 |
| 9:46 | 我本善良 · wall_segment Palisade Wall x1 |
| 9:52 | 我本善良 · wall_segment Palisade Wall x1 |
| 10:21 | flightlessbird · wall_segment Palisade Wall x7 |
| 10:22 | flightlessbird · wall_segment Palisade Wall x16 |
| 11:26 | flightlessbird · wall_segment Palisade Wall x5 |
| 11:27 | flightlessbird · wall_segment Palisade Wall x1 |
| 11:29 | 我本善良 · age_up feudal |
| 11:30 | 我本善良 · first_building Archery Range |
| 11:40 | flightlessbird · wall_segment Palisade Wall x8 |
| 11:42 | flightlessbird · wall_segment Palisade Wall x6 |
| 13:05 | 我本善良 · wall_segment Palisade Wall x3 |
| 13:22 | 我本善良 · wall_segment Palisade Wall x1 |
| 13:23 | 我本善良 · wall_segment Palisade Wall x1 |
| 13:30 | flightlessbird · wall_segment Palisade Wall x1 |
| 13:56 | 我本善良 · wall_segment Palisade Wall x1 |
| 13:57 | 我本善良 · wall_segment Palisade Wall x5 |
| 14:07 | flightlessbird · wall_segment Palisade Wall x1 |
| 14:12 | flightlessbird · age_up feudal |
| 14:33 | flightlessbird · wall_segment Palisade Wall x1 |
| 17:25 | flightlessbird · first_market_buy 500 food |
| 17:26 | flightlessbird · first_market_sell 100 stone |
| 17:46 | flightlessbird · wall_segment Palisade Wall x1 |
| 17:52 | flightlessbird · wall_segment Palisade Wall x3 |
| 17:57 | 我本善良 · wall_segment Palisade Wall x1 |
| 18:30 | flightlessbird · wall_segment Stone Wall x1 |
| 20:52 | 我本善良 · first_building Stable |
| 20:53 | 我本善良 · age_up castle |
| 20:55 | 我本善良 · wall_segment Palisade Wall x1 |
| 20:56 | flightlessbird · age_up castle |
| 20:58 | flightlessbird · first_building Siege Workshop |
| 21:32 | 我本善良 · first_building Siege Workshop |
| 21:48 | 我本善良 · wall_segment Palisade Wall x1 |
| 22:50 | flightlessbird · wall_segment Palisade Wall x1 |
| 27:37 | flightlessbird · first_building Monastery |
| 31:02 | 我本善良 · first_building Castle |
| 32:24 | flightlessbird · first_building Castle |
| 33:36 | flightlessbird · resign |
[ AI ANALYSIS · 1 CREDIT ]
What really happened in this match?
Wolo.gg analyzes every decision: build order, eco, micro, common mistakes by bracket. Personalized analysis on WhatsApp or Discord in 30 seconds.
Civ guide
Vietnamese
Perfil
我本善良